[Event "9th Amsterdam Science Park B 2019"]
[Site "Amsterdam"]
[Date "2019.07.06"]
[Round "1.1"]
[White "Gutmann, Alois"]
[Black "Michel, Steve"]
[Result "1/2-1/2"]
[ECO "A00"]
[WhiteElo "2036"]
[BlackElo "1916"]
[Annotator "NA"]
[PlyCount "89"]
[EventDate "2019.07.06"]
[EventType "swiss"]
[EventCountry "NED"]
[SourceTitle "playchess.com"]
[Source "ChessBase"]
[SourceQuality "1"]
[TimeControl "40/5400+30:1800+30"]

1. Nc3 c5 2. Nf3 Nc6 3. d4 cxd4 4. Nxd4 d5 5. Bf4 Nf6 6. e3 g6 7. Be2 Bg7 8. h4 h5 9. O-O O-O 10. Nxc6 bxc6 11. Be5 Nd7 12. Bxg7 Kxg7 13. e4 e6 14. g3 Qb6 15. Rb1 Ba6 16. Bxa6 Qxa6 17. exd5 cxd5 18. Qd4+ Kg8 19. Qa4 Qb7 20. Rfd1 Rfd8 21. Qa3 Ne5 22. Na4 Qc6 23. Qc3 Qxa4 24. Qxe5 Qxc2 25. Rbc1 Qf5 26. Qxf5 gxf5 27. Rc7 Kf8 28. Kf1 Ke8 29. Rdc1 Rd7 30. R7c6 Rb8 31. b3 Rb4 32. Ke2 f4 33. Rc8+ Ke7 34. g4 f3+ 35. Kxf3 Rxg4 36. Rh1 e5 37. Rh8 Rf4+ 38. Kg3 Rf5 39. Rc8 e4 40. Rd1 Ke6 41. Re8+ Kf6 42. Rxe4 Rc7 43. Rf4 Rxf4 44. Kxf4 Rc2 45. Rxd5 1/2-1/2

[Event "9th Amsterdam Science Park B 2019"]
[Site "Amsterdam"]
[Date "2019.07.06"]
[Round "1.2"]
[White "Vlugt, Frans"]
[Black "Roemersma, Aad"]
[Result "1/2-1/2"]
[ECO "B21"]
[WhiteElo "1915"]
[BlackElo "2029"]
[Annotator "NA"]
[PlyCount "105"]
[EventDate "2019.07.06"]
[EventType "swiss"]
[EventCountry "NED"]
[SourceTitle "playchess.com"]
[Source "ChessBase"]
[SourceQuality "1"]
[TimeControl "40/5400+30:1800+30"]

1. e4 c5 2. f4 e6 3. Nf3 d5 4. e5 Nc6 5. c3 d4 6. d3 Nge7 7. Na3 h5 8. g3 Nf5 9. Qe2 b6 10. c4 Bb7 11. Bh3 Qd7 12. Bxf5 exf5 13. O-O Be7 14. h4 O-O-O 15. Nc2 Rde8 16. Qf2 f6 17. Bd2 fxe5 18. fxe5 Bd8 19. Rae1 g6 20. b4 Bc7 21. Bf4 Nd8 22. Ng5 Qc6 23. Kh2 Ne6 24. b5 Qd7 25. Nh3 Rhg8 26. Re2 Bd8 27. Ng5 Nxg5 28. hxg5 Rh8 29. Ne1 Bc7 30. Nf3 Bxf3 31. Qxf3 Kb8 32. e6 Rxe6 33. Bxc7+ Kxc7 34. Qf4+ Kc8 35. Rxe6 Qxe6 36. Qf3 Kc7 37. Qf4+ Qd6 38. Re1 Qxf4 39. gxf4 Kd7 40. Kh3 a6 41. a4 axb5 42. axb5 Ra8 43. Rf1 Re8 44. Rf3 Re3 45. Kh4 Kd6 46. Rg3 Re1 47. Rf3 Rg1 48. Rg3 Rh1+ 49. Rh3 Rf1 50. Rf3 Re1 51. Rg3 Re2 52. Rh3 Rf2 53. Rf3 1/2-1/2

[Event "9th Amsterdam Science Park B 2019"]
[Site "Amsterdam"]
[Date "2019.07.06"]
[Round "1.3"]
[White "De Ruiter, Tom"]
[Black "Schreuder Peters, Misja"]
[Result "1/2-1/2"]
[ECO "B21"]
[WhiteElo "2010"]
[BlackElo "1914"]
[Annotator "NA"]
[PlyCount "30"]
[EventDate "2019.07.06"]
[EventType "swiss"]
[EventCountry "NED"]
[SourceTitle "playchess.com"]
[Source "ChessBase"]
[SourceQuality "1"]
[TimeControl "40/5400+30:1800+30"]

1. e4 c5 2. f4 d5 3. Nc3 e6 4. Nf3 Nf6 5. Bb5+ Bd7 6. Qe2 Nxe4 7. Nxe4 dxe4 8. Bxd7+ Qxd7 9. Qxe4 Qd5 10. d3 Be7 11. Bd2 Bf6 12. Qxd5 exd5 13. O-O-O Nc6 14. Rde1+ Kd7 15. g4 Rae8 1/2-1/2

[Event "9th Amsterdam Science Park B 2019"]
[Site "Amsterdam"]
[Date "2019.07.06"]
[Round "1.4"]
[White "Labruyere, Roger"]
[Black "Eveleens, Wim"]
[Result "0-1"]
[ECO "A84"]
[WhiteElo "1897"]
[BlackElo "2005"]
[Annotator "NA"]
[PlyCount "56"]
[EventDate "2019.07.06"]
[EventType "swiss"]
[EventCountry "NED"]
[SourceTitle "playchess.com"]
[Source "ChessBase"]
[SourceQuality "1"]
[TimeControl "40/5400+30:1800+30"]

1. d4 e6 2. c4 f5 3. Nc3 Nf6 4. g3 d5 5. Bg2 c6 6. Nf3 Bd6 7. O-O O-O 8. b3 Nbd7 9. Bb2 Qe7 10. e3 a5 11. Re1 Ne4 12. Qc2 Nxc3 13. Bxc3 b6 14. Rad1 Bb7 15. Nd2 Rac8 16. f3 c5 17. e4 fxe4 18. fxe4 cxd4 19. exd5 dxc3 20. Rxe6 Bc5+ 21. Kh1 Qf7 22. Qxc3 Rce8 23. Rf1 Qxf1+ 24. Nxf1 Rxe6 25. h4 Re2 26. Bh3 Rff2 27. Qc1 Nf6 28. Qd1 h5 0-1

[Event "9th Amsterdam Science Park B 2019"]
[Site "Amsterdam"]
[Date "2019.07.06"]
[Round "1.5"]
[White "Van `t Schip, Richard"]
[Black "Klaren, Duncan"]
[Result "0-1"]
[ECO "B52"]
[WhiteElo "2003"]
[BlackElo "1896"]
[Annotator "NA"]
[PlyCount "68"]
[EventDate "2019.07.06"]
[EventType "swiss"]
[EventCountry "NED"]
[SourceTitle "playchess.com"]
[Source "ChessBase"]
[SourceQuality "1"]
[TimeControl "40/5400+30:1800+30"]

1. e4 c5 2. Nf3 d6 3. Bb5+ Bd7 4. Bxd7+ Qxd7 5. O-O Nc6 6. c3 Nf6 7. Qe2 e6 8. d4 cxd4 9. cxd4 d5 10. e5 Ne4 11. Be3 Be7 12. Ne1 h6 13. f3 Ng5 14. Nc3 O-O 15. Nd3 f6 16. f4 Ne4 17. Rad1 f5 18. Nxe4 dxe4 19. Nc5 Qd5 20. b3 Rfd8 21. Nxb7 Nxd4 22. Rxd4 Qxb7 23. Qc4 Rd5 24. g4 Bc5 25. gxf5 Bxd4 26. Bxd4 Rc8 27. Qa4 exf5 28. Re1 Qf7 29. Qxa7 Qg6+ 30. Kf1 Qg4 31. Be3 Qf3+ 32. Bf2 Qh1+ 33. Ke2 Rc2+ 34. Ke3 Qf3# {Kd4} 0-1

[Event "9th Amsterdam Science Park B 2019"]
[Site "Amsterdam"]
[Date "2019.07.06"]
[Round "1.6"]
[White "Den Boer, Paul"]
[Black "Van Amerongen-Jansen, Peggy"]
[Result "1/2-1/2"]
[ECO "D15"]
[WhiteElo "1886"]
[BlackElo "2002"]
[Annotator "NA"]
[PlyCount "76"]
[EventDate "2019.07.06"]
[EventType "swiss"]
[EventCountry "NED"]
[SourceTitle "playchess.com"]
[Source "ChessBase"]
[SourceQuality "1"]
[TimeControl "40/5400+30:1800+30"]

1. d4 d5 2. Nf3 Nf6 3. c4 c6 4. Nc3 a6 5. a4 g6 6. cxd5 cxd5 7. Bf4 Qb6 8. a5 Qd8 9. e3 Nc6 10. Ne5 Nh5 11. Nxc6 bxc6 12. Bg5 Rb8 13. Qd2 Qd6 14. Be2 Bg7 15. Bxh5 gxh5 16. Bf4 e5 17. Bxe5 Bxe5 18. dxe5 Qxe5 19. Na4 Qg7 20. Qd4 Qxd4 21. exd4 Rb4 22. Nb6 Kd8 23. O-O-O Rg8 24. g3 Rb5 25. Rhe1 Be6 26. Na4 Rxa5 27. Nc5 Bc8 28. Kd2 Rb5 29. Kc3 a5 30. Re5 f6 31. Re3 Re8 32. Rde1 Rxe3+ 33. Rxe3 Bg4 34. f3 Bf5 35. Ne6+ Kd7 36. Nc5+ Kd8 37. Ne6+ Kd7 38. Nc5+ Kd8 1/2-1/2

[Event "9th Amsterdam Science Park B 2019"]
[Site "Amsterdam"]
[Date "2019.07.06"]
[Round "1.7"]
[White "Veelenturf, Wim"]
[Black "Zegstroo, Martin"]
[Result "0-1"]
[ECO "C55"]
[WhiteElo "1626"]
[BlackElo "1798"]
[Annotator "NA"]
[PlyCount "126"]
[EventDate "2019.07.06"]
[EventType "swiss"]
[EventCountry "NED"]
[SourceTitle "playchess.com"]
[Source "ChessBase"]
[SourceQuality "1"]
[TimeControl "40/5400+30:1800+30"]

1. e4 e5 2. Bc4 Nc6 3. Nf3 Nf6 4. d3 Be7 5. O-O d6 6. c3 O-O 7. b4 Be6 8. Bb3 Bxb3 9. axb3 a6 10. Re1 Nd7 11. Nbd2 Bf6 12. Rb1 Re8 13. Nc4 Nf8 14. Ne3 g6 15. Ng4 Ne6 16. Nxf6+ Qxf6 17. g3 g5 18. Kg2 h6 19. Ng1 Qg6 20. Qg4 Ne7 21. Rb2 h5 22. Qe2 f5 23. exf5 Nxf5 24. Qe4 c6 25. Kh1 Kh7 26. Nf3 g4 27. Nh4 Nxh4 28. gxh4 Rf8 29. Qxg6+ Kxg6 30. d4 Nf4 31. Bxf4 exf4 32. Re6+ Rf6 33. Rbe2 Raf8 34. h3 Rxe6 35. Rxe6+ Rf6 36. Re7 b5 37. Kg2 Kf5 38. Rh7 Ke4 39. Rxh5 gxh3+ 40. Kxh3 Kf3 41. Rg5 Kxf2 42. h5 f3 43. Rg6 Rxg6 44. hxg6 Ke2 45. g7 f2 46. g8=Q f1=Q+ 47. Kh2 Qf4+ 48. Kh3 Qf3+ 49. Kh2 Qxc3 50. Qe6+ Kd3 51. Qxd6 Qxd4 52. Qxc6 Qxb4 53. Qxa6 Qxb3 54. Qd6+ Kc2 55. Qc5+ Qc4 56. Qf5+ Qd3 57. Qc5+ Kb3 58. Qb6 b4 59. Qe6+ Kb2 60. Qb6 b3 61. Qf6+ Kb1 62. Qb6 b2 63. Qb4 Kc1 0-1

[Event "9th Amsterdam Science Park B 2019"]
[Site "Amsterdam"]
[Date "2019.07.06"]
[Round "1.8"]
[White "Rekelhof, Martin"]
[Black "Koopmans, Perry"]
[Result "1/2-1/2"]
[ECO "A45"]
[WhiteElo "1765"]
[BlackElo "1623"]
[Annotator "NA"]
[PlyCount "114"]
[EventDate "2019.07.06"]
[EventType "swiss"]
[EventCountry "NED"]
[SourceTitle "playchess.com"]
[Source "ChessBase"]
[SourceQuality "1"]
[TimeControl "40/5400+30:1800+30"]

1. d4 Nf6 2. Bf4 d5 3. e3 e6 4. Nd2 c5 5. c3 Bd6 6. Bg3 a6 7. Bd3 Nc6 8. Ngf3 b5 9. Ne5 Bb7 10. a3 c4 11. Bc2 Qc7 12. f4 a5 13. Bh4 Be7 14. Ndf3 h6 15. O-O a4 16. h3 O-O 17. g4 Qd8 18. Kh2 Nxe5 19. Nxe5 Nxg4+ 20. Qxg4 Bxh4 21. Rg1 Bf6 22. Qg2 Bxe5 23. fxe5 Qg5 24. Qxg5 hxg5 25. Rxg5 f5 26. exf6 Rxf6 27. Rag1 Rf7 28. R1g2 Ra7 29. Bd1 Bc8 30. Bh5 Rf5 31. h4 Rxg5 32. Rxg5 Re7 33. Re5 Bd7 34. e4 dxe4 35. Rxe4 Bc6 36. Re5 Bd5 37. Kg3 Kf8 38. Bg6 Rd7 39. Kf4 Ke7 40. Kg5 Rd8 41. Bh5 Rf8 42. Kg6 Rf4 43. Kg5 Rf6 44. Be2 Kd6 45. Kg4 Rh6 46. h5 Rf6 47. Re3 Ke7 48. Bf3 Rf5 49. Bxd5 Rxd5 50. Re5 Kd6 51. Rxd5+ Kxd5 52. Kf3 e5 53. dxe5 Kxe5 54. Ke3 Kf5 {[%emt 0:00:00] Kf4+ Ke5+ Ke3 Kf5} 55. Kd4 Kg5 56. Kc5 Kxh5 57. Kxb5 g5 1/2-1/2

[Event "9th Amsterdam Science Park B 2019"]
[Site "Amsterdam"]
[Date "2019.07.06"]
[Round "1.9"]
[White "Van Rijs, Tim"]
[Black "Smit, Tom"]
[Result "1-0"]
[ECO "C44"]
[WhiteElo "1304"]
[BlackElo "1542"]
[Annotator "NA"]
[PlyCount "69"]
[EventDate "2019.07.06"]
[EventType "swiss"]
[EventCountry "NED"]
[SourceTitle "playchess.com"]
[Source "ChessBase"]
[SourceQuality "1"]
[TimeControl "40/5400+30:1800+30"]

1. e4 e5 2. Nf3 Nc6 3. d4 exd4 4. Nxd4 Qh4 5. Nc3 Bb4 6. Qd3 Bxc3+ 7. bxc3 d6 8. g3 Qe7 9. Bg2 Nf6 10. O-O O-O 11. Re1 Bd7 12. Bf4 Ne5 13. Bxe5 dxe5 14. Nf5 Qe8 15. Qe3 Bxf5 16. exf5 e4 17. Bxe4 Nxe4 18. Qxe4 Qxe4 19. Rxe4 Rfe8 20. Rae1 Rxe4 21. Rxe4 Kf8 22. Kg2 c5 23. Re3 f6 24. Kf3 Re8 25. Rxe8+ Kxe8 26. Ke4 Kd7 27. Kd5 b6 28. a4 c4 29. f4 a6 30. h4 h5 31. Kxc4 Kc6 32. Kb4 Kd5 33. c4+ Ke4 34. a5 b5 35. cxb5 1-0

[Event "9th Amsterdam Science Park B 2019"]
[Site "Amsterdam"]
[Date "2019.07.07"]
[Round "2.1"]
[White "Eveleens, Wim"]
[Black "Van de Kamp, Rob"]
[Result "1/2-1/2"]
[ECO "A00"]
[WhiteElo "2005"]
[BlackElo "1936"]
[Annotator "NA"]
[PlyCount "131"]
[EventDate "2019.07.06"]
[EventType "swiss"]
[EventCountry "NED"]
[SourceTitle "playchess.com"]
[Source "ChessBase"]
[SourceQuality "1"]
[TimeControl "40/5400+30:1800+30"]

1. g3 Nf6 2. c4 c5 3. Bg2 Nc6 4. Nc3 g6 5. d3 Bg7 6. e4 d6 7. Nge2 O-O 8. O-O e5 9. f4 Nd4 10. f5 h6 11. h3 Bd7 12. g4 Nh7 13. Nxd4 cxd4 14. Nd5 g5 15. a4 Bc6 16. Bd2 Nf6 17. b4 Nd7 18. a5 f6 19. Kf2 Kf7 20. Rh1 Rh8 21. h4 Rc8 22. Qf3 Nb8 23. hxg5 hxg5 24. Rxh8 Qxh8 25. Rh1 Qg8 26. Rh5 Nd7 27. Qh3 Nf8 28. Bf3 Bxd5 29. exd5 Nd7 30. Be4 Ke7 31. Qh1 Qf7 32. Qc1 b6 33. Qa3 Rc7 34. Rh1 Qe8 35. Qa4 Qc8 36. Ra1 Kf7 37. axb6 axb6 38. Qb5 Bf8 39. Qa4 Be7 40. Qa8 Qxa8 41. Rxa8 Bf8 42. Ke2 Be7 43. Kd1 Bf8 44. Ra6 Ke7 45. Kc2 Rb7 46. Bc1 Kd8 47. Ba3 Kc8 48. Ra8+ Rb8 49. Ra7 Rb7 50. Rxb7 Kxb7 51. Bf3 Kc7 52. Kd2 b5 53. Kc2 Kb6 54. Bb2 Be7 55. Kd2 Bf8 56. Bd1 Be7 57. Ke2 Bf8 58. Kf3 Be7 59. Ke4 Bf8 60. Bb3 Be7 61. Bc1 Bf8 62. Bd2 Be7 63. cxb5 Kxb5 64. Bc4+ Ka4 65. Kf3 Nb6 66. Ke4 1/2-1/2

[Event "9th Amsterdam Science Park B 2019"]
[Site "Amsterdam"]
[Date "2019.07.07"]
[Round "2.2"]
[White "Aalten, Evert"]
[Black "Yu, Michael"]
[Result "1-0"]
[ECO "A06"]
[WhiteElo "1931"]
[BlackElo "1995"]
[Annotator "NA"]
[PlyCount "109"]
[EventDate "2019.07.06"]
[EventType "swiss"]
[EventCountry "NED"]
[SourceTitle "playchess.com"]
[Source "ChessBase"]
[SourceQuality "1"]
[TimeControl "40/5400+30:1800+30"]

1. Nf3 d5 2. c4 c6 3. e3 Nf6 4. Nc3 g6 5. d4 Bg7 6. Be2 O-O 7. O-O a6 8. Bd2 Re8 9. h3 Nbd7 10. Qb3 e6 11. Rfc1 Ne4 12. Be1 Nd6 13. Rd1 dxc4 14. Bxc4 b5 15. Be2 Bb7 16. a4 Qb6 17. Qb4 Bf8 18. Qb3 Rab8 19. Ne5 Nxe5 20. dxe5 Nf5 21. Ne4 Bg7 22. axb5 cxb5 23. Ba5 Qc6 24. Bf3 Qc4 25. Qxc4 bxc4 26. Bc3 Nh4 27. Nd6 Bxf3 28. gxf3 Nxf3+ 29. Kg2 Nh4+ 30. Kf1 Red8 31. Ke2 Rf8 32. Rxa6 f6 33. Nxc4 fxe5 34. Rxe6 Nf3 35. Nd6 Ng5 36. Re7 Bf6 37. Rd7 e4 38. Rb7 Bxc3 39. Rxb8 Rxb8 40. bxc3 Nxh3 41. Nxe4 Rb2+ 42. Kf3 g5 43. Kg3 g4 44. Nf6+ Kg7 45. Nxg4 Ng5 46. Rd7+ Kg6 47. f3 h5 48. Rd6+ Kg7 49. Ne5 Nh7 50. Rg6+ Kf8 51. Rh6 h4+ 52. Rxh4 Ng5 53. Rc4 Ke7 54. f4 Ne6 55. Kf3 1-0

[Event "9th Amsterdam Science Park B 2019"]
[Site "Amsterdam"]
[Date "2019.07.07"]
[Round "2.3"]
[White "Emans, Job"]
[Black "Littel, Leo"]
[Result "1-0"]
[ECO "E15"]
[WhiteElo "1989"]
[BlackElo "1919"]
[Annotator "NA"]
[PlyCount "83"]
[EventDate "2019.07.06"]
[EventType "swiss"]
[EventCountry "NED"]
[SourceTitle "playchess.com"]
[Source "ChessBase"]
[SourceQuality "1"]
[TimeControl "40/5400+30:1800+30"]

1. d4 Nf6 2. c4 e6 3. Nf3 b6 4. g3 Ba6 5. Qc2 Bb4+ 6. Bd2 Be7 7. Bg2 c6 8. O-O d5 9. Ne5 Nfd7 10. cxd5 cxd5 11. Re1 Nxe5 12. dxe5 Qd7 13. Bc3 O-O 14. Nd2 Nc6 15. Nf3 Bb7 16. Red1 Qc7 17. e4 dxe4 18. Qxe4 Nb4 19. Qg4 Nd5 20. Rac1 Qd7 21. Ng5 Bxg5 22. Qxg5 Qd8 23. Qg4 Rc8 24. Bd2 Rxc1 25. Bxc1 Kh8 26. Be4 f5 27. exf6 Qxf6 28. Qe2 Qe5 29. Re1 Qd4 30. Bg2 Ba6 31. Qd2 Qf6 32. a3 Bd3 33. b4 Bf5 34. Bb2 Qf7 35. Qd4 Rc8 36. g4 Bg6 37. Rxe6 Nf4 38. Bd5 Rc1+ 39. Bxc1 Qxe6 40. Bxf4 Qxg4+ 41. Bg2 h5 42. Be5 1-0

[Event "9th Amsterdam Science Park B 2019"]
[Site "Amsterdam"]
[Date "2019.07.07"]
[Round "2.4"]
[White "Dambrink, Wouter"]
[Black "Sula, Avni"]
[Result "1-0"]
[ECO "D30"]
[WhiteElo "1931"]
[BlackElo "1978"]
[Annotator "NA"]
[PlyCount "69"]
[EventDate "2019.07.06"]
[EventType "swiss"]
[EventCountry "NED"]
[SourceTitle "playchess.com"]
[Source "ChessBase"]
[SourceQuality "1"]
[TimeControl "40/5400+30:1800+30"]

1. d4 d5 2. c4 e6 3. Nf3 c6 4. g3 Nf6 5. Bg2 Bb4+ 6. Nc3 O-O 7. O-O dxc4 8. Ne5 Nd5 9. Qc2 b5 10. a4 Bxc3 11. bxc3 f6 12. Nf3 Bb7 13. h4 Re8 14. Rd1 Nb6 15. axb5 cxb5 16. Ng5 fxg5 17. Bxb7 N8d7 18. Bxg5 Qc7 19. Bxa8 Rxa8 20. Qe4 Re8 21. d5 Nc5 22. d6 Qd7 23. Qe5 Nba4 24. h5 h6 25. Be7 Nb3 26. Rab1 Nac5 27. g4 a5 28. g5 hxg5 29. h6 gxh6 30. Qf6 Ne4 31. Qg6+ Kh8 32. Qxh6+ Kg8 33. Qg6+ Kh8 34. Kg2 Rxe7 35. dxe7 1-0

[Event "9th Amsterdam Science Park B 2019"]
[Site "Amsterdam"]
[Date "2019.07.07"]
[Round "2.5"]
[White "Klaren, Duncan"]
[Black "Brandsma, Romayn"]
[Result "1/2-1/2"]
[ECO "C45"]
[WhiteElo "1896"]
[BlackElo "1957"]
[Annotator "NA"]
[PlyCount "107"]
[EventDate "2019.07.06"]
[EventType "swiss"]
[EventCountry "NED"]
[SourceTitle "playchess.com"]
[Source "ChessBase"]
[SourceQuality "1"]
[TimeControl "40/5400+30:1800+30"]

1. e4 e5 2. Nf3 Nc6 3. d4 exd4 4. Nxd4 Nf6 5. Nxc6 bxc6 6. e5 Qe7 7. Qe2 Nd5 8. c4 Ba6 9. Nd2 g6 10. Nf3 Bg7 11. Bg5 f6 12. exf6 Qxe2+ 13. Bxe2 Nxf6 14. O-O-O O-O-O 15. Nd2 Rde8 16. Bf3 h6 17. Be3 g5 18. h3 Kb8 19. Rhe1 d5 20. Bd4 Rxe1 21. Rxe1 Re8 22. Rxe8+ Nxe8 23. Bxg7 Nxg7 24. cxd5 cxd5 25. Bxd5 Nh5 26. g3 Bc8 27. Bg2 Ng7 28. Nc4 Nf5 29. Ne5 Nd4 30. Kd2 Be6 31. Kd3 c5 32. b4 Bxa2 33. bxc5 Ne6 34. c6 Kc7 35. Nc4 Bxc4+ 36. Kxc4 Nd8 37. Kc5 a5 38. Bd5 a4 39. f4 gxf4 40. gxf4 a3 41. f5 Nxc6 42. f6 Nd8 43. Kd4 Kd6 44. Ke4 Ne6 45. f7 Ng5+ 46. Kf5 Ke7 47. Kg6 Kf8 48. h4 Nf3 49. h5 Ne5+ 50. Kf6 a2 51. Bxa2 Nxf7 52. Kg6 Kg8 53. Bxf7+ Kh8 54. Kxh6 1/2-1/2

[Event "9th Amsterdam Science Park B 2019"]
[Site "Amsterdam"]
[Date "2019.07.07"]
[Round "2.6"]
[White "Bollaart, Jeroen"]
[Black "De Winter, Arthur"]
[Result "1/2-1/2"]
[ECO "B22"]
[WhiteElo "1950"]
[BlackElo "1859"]
[Annotator "NA"]
[PlyCount "84"]
[EventDate "2019.07.06"]
[EventType "swiss"]
[EventCountry "NED"]
[SourceTitle "playchess.com"]
[Source "ChessBase"]
[SourceQuality "1"]
[TimeControl "40/5400+30:1800+30"]

1. e4 c5 2. c3 Nf6 3. e5 Nd5 4. Nf3 Nc6 5. Bc4 Nb6 6. Bb3 d6 7. exd6 exd6 8. O-O Be7 9. d4 cxd4 10. cxd4 O-O 11. h3 Bf5 12. Nc3 Bf6 13. Re1 Qd7 14. Ne4 Bxe4 15. Rxe4 Rfe8 16. Rxe8+ Rxe8 17. Ng5 d5 18. Nf3 Nc4 19. a3 Re4 20. Bc2 Re8 21. b3 Nd6 22. Qd3 Ne4 23. Be3 g6 24. Rd1 Rc8 25. Bh6 Qd6 26. b4 Ne7 27. Bd2 Nf5 28. Be1 a6 29. Bb1 Kg7 30. Ba2 h5 31. Kf1 Nh4 32. Nxh4 Bxh4 33. g3 Bf6 34. Kg2 h4 35. g4 Rc7 36. Bd2 Nxf2 37. Kxf2 Qh2+ 38. Kf1 Qh1+ 39. Kf2 Qh2+ 40. Kf1 Qh1+ 41. Kf2 Qh2+ 42. Kf1 Qh1+ 1/2-1/2

[Event "9th Amsterdam Science Park B 2019"]
[Site "Amsterdam"]
[Date "2019.07.07"]
[Round "2.7"]
[White "Zegstroo, Martin"]
[Black "Knol, Daniel"]
[Result "1/2-1/2"]
[ECO "B21"]
[WhiteElo "1798"]
[BlackElo "1622"]
[Annotator "NA"]
[PlyCount "50"]
[EventDate "2019.07.06"]
[EventType "swiss"]
[EventCountry "NED"]
[SourceTitle "playchess.com"]
[Source "ChessBase"]
[SourceQuality "1"]
[TimeControl "40/5400+30:1800+30"]

1. e4 c5 2. d4 cxd4 3. c3 Nf6 4. e5 Nd5 5. cxd4 Nc6 6. Nf3 d6 7. Be2 Bg4 8. O-O e6 9. exd6 Bxd6 10. h3 Bh5 11. Nc3 Nf6 12. Be3 O-O 13. Nd2 Bxe2 14. Qxe2 Qb6 15. Nc4 Qd8 16. Nxd6 Qxd6 17. Rfd1 a6 18. Rac1 Nb4 19. Qf3 Nbd5 20. Ne4 Nxe4 21. Qxe4 Rac8 22. a3 Qb6 23. Qb1 Rfe8 24. Rxc8 Rxc8 25. Rc1 Rc6 1/2-1/2

[Event "9th Amsterdam Science Park B 2019"]
[Site "Amsterdam"]
[Date "2019.07.07"]
[Round "2.8"]
[White "Bakkes, Frits"]
[Black "Sprong, Ton"]
[Result "1-0"]
[ECO "B28"]
[WhiteElo "1638"]
[BlackElo "1747"]
[Annotator "NA"]
[PlyCount "59"]
[EventDate "2019.07.06"]
[EventType "swiss"]
[EventCountry "NED"]
[SourceTitle "playchess.com"]
[Source "ChessBase"]
[SourceQuality "1"]
[TimeControl "40/5400+30:1800+30"]

1. e4 c5 2. Nf3 a6 3. c3 b5 4. d4 cxd4 5. cxd4 e6 6. Be2 Bb7 7. d5 Bb4+ 8. Nc3 Bxc3+ 9. bxc3 exd5 10. exd5 h6 11. Qb3 Nf6 12. O-O Bxd5 13. c4 Be6 14. Nd4 bxc4 15. Nxe6 fxe6 16. Qxc4 O-O 17. Ba3 d5 18. Qb4 Rf7 19. Rac1 Ne4 20. Bh5 Rd7 21. Bg4 Kf7 22. Rfe1 a5 23. Qb1 Ra6 24. Rxe4 dxe4 25. Qxe4 Qf6 26. h4 Qg6 27. Qf4+ Qf6 28. Qxb8 Raa7 29. Bh5+ g6 30. Qf8# 1-0

[Event "9th Amsterdam Science Park B 2019"]
[Site "Amsterdam"]
[Date "2019.07.07"]
[Round "2.9"]
[White "Spaan, Willem"]
[Black "Boons, Joris"]
[Result "0-1"]
[ECO "A52"]
[WhiteElo "1324"]
[BlackElo "1512"]
[Annotator "NA"]
[PlyCount "52"]
[EventDate "2019.07.06"]
[EventType "swiss"]
[EventCountry "NED"]
[SourceTitle "playchess.com"]
[Source "ChessBase"]
[SourceQuality "1"]
[TimeControl "40/5400+30:1800+30"]

1. d4 Nf6 2. c4 e5 3. dxe5 Ng4 4. Nf3 Bc5 5. e3 Nc6 6. Nd4 Ngxe5 7. Be2 d5 8. Nxc6 bxc6 9. cxd5 cxd5 10. O-O h5 11. Nc3 c6 12. Na4 Be7 13. Qc2 Ng4 14. h3 Nf6 15. Nc5 Qd6 16. Nd3 O-O 17. e4 Nxe4 18. Bf4 Qg6 19. Ne5 Qf6 20. Nxc6 Bc5 21. Bf3 Bxf2+ 22. Rxf2 Nxf2 23. Be5 Qe6 24. Bf4 Qf6 25. Be5 Nxh3+ 26. gxh3 Qg5+ 0-1

[Event "9th Amsterdam Science Park B 2019"]
[Site "Amsterdam"]
[Date "2019.07.08"]
[Round "3.1"]
[White "Sterrenburg, Kees"]
[Black "Emans, Job"]
[Result "1/2-1/2"]
[ECO "A08"]
[WhiteElo "1947"]
[BlackElo "1989"]
[Annotator "NA"]
[PlyCount "65"]
[EventDate "2019.07.06"]
[EventType "swiss"]
[EventCountry "NED"]
[SourceTitle "playchess.com"]
[Source "ChessBase"]
[SourceQuality "1"]
[TimeControl "40/5400+30:1800+30"]

1. Nf3 Nf6 2. d3 d5 3. Nbd2 c5 4. e4 e6 5. g3 Nc6 6. Bg2 Be7 7. O-O O-O 8. Re1 b5 9. a4 b4 10. b3 Bb7 11. Bb2 Qc7 12. Nh4 Rad8 13. exd5 Nxd5 14. Bxd5 Rxd5 15. Ne4 Bxh4 16. gxh4 Qf4 17. Re3 Nd4 18. Rg3 Qxh4 19. Rg4 Qe7 20. Rg3 f5 21. c4 Re5 22. Bxd4 cxd4 23. Qh5 Bxe4 24. Re1 Qf6 25. f4 Rc5 26. dxe4 Rd8 27. e5 Qe7 28. Rd1 Rc7 29. Rdd3 g6 30. Rg5 Qc5 31. Rg2 Rg7 32. Qh4 Rdd7 33. Qe1 1/2-1/2

[Event "9th Amsterdam Science Park B 2019"]
[Site "Amsterdam"]
[Date "2019.07.08"]
[Round "3.2"]
[White "Van der Eyk, Dick"]
[Black "Aalten, Evert"]
[Result "1/2-1/2"]
[ECO "A36"]
[WhiteElo "1949"]
[BlackElo "1931"]
[Annotator "NA"]
[PlyCount "98"]
[EventDate "2019.07.06"]
[EventType "swiss"]
[EventCountry "NED"]
[SourceTitle "playchess.com"]
[Source "ChessBase"]
[SourceQuality "1"]
[TimeControl "40/5400+30:1800+30"]

1. c4 c5 2. Nc3 g6 3. g3 Bg7 4. Bg2 Nc6 5. e4 a6 6. Nge2 b5 7. cxb5 axb5 8. O-O Rb8 9. f4 b4 10. Nd5 e6 11. Ne3 Ba6 12. d3 d6 13. f5 Nd4 14. Nf4 Ne7 15. fxe6 fxe6 16. Bh3 Bc8 17. Ne2 Nec6 18. Ng2 Nxe2+ 19. Qxe2 Nd4 20. Qd1 Rf8 21. Bf4 Rf7 22. Kh1 Kf8 23. Be3 Rbb7 24. Nf4 e5 25. Bxd4 Bxh3 26. Nxh3 cxd4 27. Qd2 h6 28. Rac1 Qd7 29. Rxf7+ Kxf7 30. Ng1 d5 31. Nf3 Kg8 32. Qe2 Kh7 33. Rc5 Rb5 34. Rxd5 Rxd5 35. exd5 Qxd5 36. b3 Qc6 37. Kg1 Qc1+ 38. Kg2 Qc6 39. Kf2 Qd5 40. Nd2 Qh1 41. Nf3 Qb1 42. Qd2 Bf6 43. Ne1 Bg5 44. Qc2 Be3+ 45. Ke2 Qa1 46. Qc7+ Kg8 47. Qd8+ Kf7 48. Qd7+ Kg8 49. Qe8+ Kh7 1/2-1/2

[Event "9th Amsterdam Science Park B 2019"]
[Site "Amsterdam"]
[Date "2019.07.08"]
[Round "3.3"]
[White "Roemersma, Aad"]
[Black "Dambrink, Wouter"]
[Result "1/2-1/2"]
[ECO "D00"]
[WhiteElo "2029"]
[BlackElo "1931"]
[Annotator "NA"]
[PlyCount "107"]
[EventDate "2019.07.06"]
[EventType "swiss"]
[EventCountry "NED"]
[SourceTitle "playchess.com"]
[Source "ChessBase"]
[SourceQuality "1"]
[TimeControl "40/5400+30:1800+30"]

1. d4 d5 2. Bf4 Nf6 3. e3 c5 4. c3 Qb6 5. Qb3 c4 6. Qxb6 axb6 7. Nd2 Bf5 8. f3 b5 9. g4 Bg6 10. h4 h5 11. g5 Nfd7 12. e4 e6 13. Ne2 Nc6 14. Bh3 b4 15. O-O b5 16. Be3 Nb6 17. Nf4 Nd8 18. Nxg6 fxg6 19. cxb4 Bxb4 20. a3 Bd6 21. Rac1 Ke7 22. Nb1 Rf8 23. e5 Bc7 24. Nc3 b4 25. axb4 Nc6 26. b5 Nb4 27. f4 Nd3 28. Rb1 Ra5 29. Bd2 Na4 30. Nxa4 Rxa4 31. Rf3 Ra2 32. Bf1 Rb8 33. Bxd3 cxd3 34. Rxd3 Rxb5 35. Bc3 Rb3 36. Rdd1 Ba5 37. Rdc1 Bxc3 38. bxc3 Rxb1 39. Rxb1 Rc2 40. Rb3 Kf7 41. Rb7+ Kf8 42. Rc7 Rc1+ 43. Kg2 Rc2+ 44. Kf3 Rc1 45. Ke3 Rh1 46. c4 Rh3+ 47. Kf2 dxc4 48. Rxc4 Rxh4 49. Kg3 Rg4+ 50. Kf3 Rg1 51. Rc8+ Kf7 52. Rc7+ Kf8 53. Rc8+ Kf7 54. Rc7+ 1/2-1/2